AoeStats
← nlhoekstra95

Arabia

509328296Analyzed
2v2 RM · 5d ago on Sep 26, 2026· 48m 2s· 4 players
Game mode
Random Map
Map size
Medium (4 player)
Population
200
Speed
Normal
Resources
Standard
Victory
Conquest
Starting age
Dark Age
Ending age
Imperial Age
RankedLock teamsTeams togetherTeam positionsShared explorationLock speedFull tech treeHidden civsTurbo modeCheats
Victory
Defeat
🇳🇱 Berbers · Netherlands
959
+10
🇳🇱 Danes · Netherlands
934
+11
🇧🇷 Mongols · Brazil
861
-12
🇧🇷 Goths · Brazil
777
-9
Mclovin
1:11 Loom
11:13 Feudal Age
14:16 Horse Collar
14:24 Double-Bit Axe
23:24 Castle Age
30:51 Fletching
31:01 Padded Archer Armor
32:27 Wheelbarrow
32:39 Padded Archer Armor
35:08 Ballistics
35:51 Heavy Plow
36:09 Forging
36:05 Scale Barding Armor
36:54 Hand Cart
37:48 Iron Casting
42:01 Bow Saw
42:30 Masonry
43:00 Bodkin Arrow
48:41 Imperial Age
Obvio
6:41 Loom
10:31 Feudal Age
11:13 Man-at-Arms
17:57 Horse Collar
27:04 Castle Age
elizardo1995
5:48 Loom
9:10 Feudal Age
9:58 Double-Bit Axe
16:47 Forging
22:56 Castle Age
21:59 Scale Barding Armor
22:17 Horse Collar
23:22 Fletching
23:56 Bow Saw
25:10 Heavy Plow
26:06 Gold Mining
30:35 Bodkin Arrow
34:43 Padded Archer Armor
37:37 Wheelbarrow
39:31 Thumb Ring
41:03 Leather Archer Armor
41:46 Bloodlines
41:37 Husbandry
42:43 Crossbowman
47:11 Imperial Age
45:04 Hand Cart
45:50 Murder Holes
45:59 Stone Mining
49:22 Chemistry
48:45 Ballistics
nlhoekstra95
6:46 Loom
9:22 Feudal Age
9:42 Man-at-Arms
10:51 Double-Bit Axe
21:04 Castle Age
19:47 Scale Mail Armor
19:42 Fletching
21:55 Gambesons
22:12 Squires
22:32 Arson
24:59 Bow Saw
25:31 Wheelbarrow
25:39 Town Watch
25:39 Horse Collar
25:31 Elite Skirmisher
27:00 Gold Mining
28:30 Chain Mail Armor
28:17 Padded Archer Armor
29:09 Heavy Plow
30:19 Thumb Ring
38:58 Imperial Age
36:22 Hamask
37:40 Forging
40:47 Murder Holes
41:13 Ballistics
41:42 Hand Cart
43:34 Iron Casting
43:31 Plate Mail Armor
42:57 Elite Jomsviking
45:03 Stone Mining
45:49 Gold Shaft Mining
46:34 Blast Furnace
45:34 Bodkin Arrow
45:30 Elite Varangian Guard
Connection lost

Rejoining the realm…

Still unreachable

The connection could not be restored.

Session expired

The server has moved on; the page needs a fresh start.